 Dungeon Crawl Stone Soup version 0.29-a0-323-g050149af67 (webtiles) character file.

Game seed: 9123915064678062322

2312 Jortsu the Grappler (level 9, -6/84 HPs)
             Began as a Troll Fighter on Apr 12, 2022.
             Was an Initiate of Yredelemnul.
             Killed from afar by an electric eel (16 damage)
             ... with a bolt of electricity
             ... on level 7 of the Dungeon.
             The game lasted 00:12:22 (5976 turns).

Jortsu the Grappler (Troll Fighter)                 Turns: 5976, Time: 00:12:23

Health: -6/84      AC:  6    Str: 28    XL:     9   Next: 18%
Magic:  8/8        EV: 10    Int:  4    God:    Yredelemnul [......]
Gold:   428        SH:  8    Dex: 11    Spells: 8/8 levels left

rFire   + . .      SeeInvis .     - Unarmed
rCold   . . .      Faith    .   b - +0 kite shield
rNeg    . . .      Spirit   .   a - +0 robe
rPois   .          Reflect  .   (helmet restricted)
rElec   .          Harm     .   k - +1 cloak
rCorr   .          Rampage  .   (gloves unavailable)
Will    .....                   (boots unavailable)
Stlth   ++........              (no amulet)
HPRegen 1.04/turn               o - ring of protection from fire
MPRegen 0.11/turn               (no ring)

@: no status effects
A: large, unfitting armour, claws 3, regeneration 1, shaggy fur 1, tough skin 1
a: Renounce Religion, Recall Undead Harvest


You were on level 7 of the Dungeon.
You worshipped Yredelemnul.
Yredelemnul was noncommittal.
You visited 1 branch of the dungeon, and saw 7 of its levels.

You collected 428 gold pieces.

Inventory:

Missiles
 r - a throwing net (quivered)
Armour
 a - a +0 robe (worn)
 b - a +0 kite shield (worn)
 k - a +1 cloak (worn)
Jewellery
 o - a ring of protection from fire (left claw)
Wands
 x - a wand of acid (13)
Scrolls
 d - 2 scrolls of brand weapon
 f - 3 scrolls of enchant weapon
 h - a scroll of fear
 n - 4 scrolls of teleportation
 q - 2 scrolls of enchant armour
 t - 3 scrolls of fog
 u - a scroll of silence
 v - a scroll of amnesia
Potions
 e - a potion of mutation
 g - a potion of flight
 i - a potion of berserk rage {unknown}
 j - a potion of attraction
 l - 5 potions of curing
 m - a potion of lignification {unknown}
 p - 2 potions of resistance {unknown}
 s - a potion of haste


   Skills:
 + Level 3.9 Fighting
 + Level 5.4 Dodging
 + Level 2.0 Stealth
 + Level 4.9 Shields
 + Level 8.2 Unarmed Combat


You had 8 spell levels left.
You didn't know any spells.
Your spell library contained the following spells:

 Spells                   Type           Power      Damage    Failure   Level
 Magic Dart               Conj           0%         1d3       77%         1
 Shock                    Conj/Air       0%         1d3       77%         1
 Call Imp                 Summ           0%         N/A       88%         2
 Mephitic Cloud           Conj/Pois/Air  0%         N/A       98%         3
 Ozocubu's Armour         Ice            0%         N/A       98%         3
 Alistair's Intoxication  Tmut/Pois      0%         N/A       100%        5
 Borgnjor's Vile Clutch   Necr/Erth      0%         N/A       100%        5
 Eringya's Noxious Bog    Tmut/Pois      0%         N/A       100%        6
 Ozocubu's Refrigeration  Ice            0%         4d5       100%        7


Dungeon Overview and Level Annotations

Branches:
Dungeon (7/15)             Temple (0/1) D:7

Altars:
Cheibriados
Elyvilon
Gozag
Hepliaklqana
Kikubaaqudgha
Qazlal
Sif Muna
Uskayaw
Yredelemnul

Shops:
D:3 [   D:4 *   D:5 *


Innate Abilities, Weirdness & Mutations

You are too large for most types of armour.
You have claws for hands.
Your natural rate of healing is unusually fast.
You are covered in fur. (AC +1)
You have tough skin. (AC +1)


Message History

2 electric eels come into view.
The electric eel shoots out a bolt of lightning at you!
The bolt of electricity hits you!
The electric eel shoots out a bolt of lightning at you!
The bolt of electricity hits the plant.
The plant begins to die.
The bolt of electricity hits you!
The electric eel shoots out a bolt of lightning at you!
The bolt of electricity hits you!
The electric eel shoots out a bolt of lightning at you!
The bolt of electricity hits you.
You enter the shallow water.
Moving in this stuff is going to be slow.
The electric eel shoots out a bolt of lightning at you!
The bolt of electricity hits you.
The bolt of electricity hits the plant!
The plant begins to die.
The electric eel shoots out a bolt of lightning at you!
The bolt of electricity hits you!
The bolt of electricity hits the plant.
The plant begins to die.
The electric eel shoots out a bolt of lightning at you!
The bolt of electricity hits you!
The electric eel shoots out a bolt of lightning at you!
The bolt of electricity hits you!
The electric eel shoots out a bolt of lightning at you!
The bolt of electricity hits you!
The electric eel shoots out a bolt of lightning at you!
The bolt of electricity hits you!
* * * LOW HITPOINT WARNING * * *
You claw the electric eel!
The electric eel is severely wounded.
You mangle the electric eel!!
You kill the electric eel!
A black mist starts to gather...
A nearby plant withers and dies.
The electric eel shoots out a bolt of lightning at you!
The bolt of electricity hits you.
* * * LOW HITPOINT WARNING * * *
You barely miss the electric eel.
A nearby plant withers and dies.
The electric eel shoots out a bolt of lightning at you!
The bolt of electricity hits you!
You die...
Your body rises from the dead as a mindless zombie.

.......#.......##.##...##......#
#....#####...#.##............).##
###..# #...#.#####.#..#........
#..## #...#>................>.
#.## ##...#####.#......#####.#
#.######..........♣♣..#### #..
##.##.....######...≈≈#..## ##)
......##### ##♣♣..≈♣≈#..## #.
...#### #≈≈@..≈≈♣♣#..# #. ####
♣≈≈S...≈≈≈♣#.# ## #
♣P≈≈≈≈Z...P≈≈♣♣.# #
#≈PP≈≈≈....≈≈≈♣♣.#
#♣P≈≈≈≈≈..≈≈≈P♣♣.#
♣≈≈≈≈≈♣≈..≈P≈♣♣.#
♣≈≈≈≈≈≈....≈≈♣♣.#
♣≈≈≈≈≈≈≈..≈≈≈♣#.# # #≈≈≈≈P≈...≈≈≈
#.# ###


You could see an electric eel (ally target) and a friendly electric eel zombie.

Vanquished Creatures
  Pikel (D:4)
  A steam dragon (D:7)
  Menkaure (D:5)
  2 water moccasins
  A black bear (D:5)
  2 phantoms
  A bullfrog (D:7)
  2 scorpions
  3 wights (D:7)
  An electric eel (D:7)
  A howler monkey (D:6)
  2 hounds (D:3)
  A jelly (D:3)
  An orc priest (D:4)
  2 gnoll shamans
  5 orc wizards
  2 iguanas
  A hound zombie (D:3)
  12 gnolls
  8 adders
  2 shadow imps (D:6)
  An adder zombie (D:4)
  A dart slug (D:3)
  9 orcs
  7 bats
  7 endoplasms
  3 giant cockroaches
  8 hobgoblins
  2 quokkas
  9 ball pythons
  4 frilled lizards
  10 goblins
  A jackal zombie (D:3)
  5 kobolds
  2 quokka zombies (D:3)
  8 rats
129 creatures vanquished.

Vanquished Creatures (collateral kills)
  A jelly (D:4)
  An orc wizard (D:4)
  2 gnolls (D:4)
  A dart slug (D:4)
  2 orcs
  A giant cockroach (D:4)
  A goblin (D:4)
  A ball python (D:4)
  A bush (D:3)
11 creatures vanquished.

Vanquished Creatures (others)
  A water moccasin zombie (D:7)
  A scorpion zombie (D:7)
  An orc wizard (D:2)
  A spectral jelly (D:4)
  An iguana zombie (D:7)
  4 gnoll zombies
  3 ball python zombies (D:4)
  A dart slug zombie (D:4)
  A goblin zombie (D:4)
  A hobgoblin zombie (D:4)
  An orc zombie (D:4)
  A spectral endoplasm (D:4)
  4 fungi (D:3)
  11 plants
32 creatures vanquished.

Grand Total: 172 creatures vanquished

Notes
Turn   | Place    | Note
-------+----------+-------------------------------------------
     0 | D:1      | Jortsu the Troll Fighter began the quest for the Orb.
     0 | D:1      | Reached XP level 1. HP: 22/22 MP: 0/0
   195 | D:1      | Reached XP level 2. HP: 29/29 MP: 1/1
   878 | D:2      | Found a hide-covered altar of Uskayaw.
   930 | D:2      | Reached XP level 3. HP: 33/36 MP: 2/2
  1298 | D:2      | Reached XP level 4. HP: 29/44 MP: 3/3
  1628 | D:2      | Reached skill level 3 in Unarmed Combat
  1751 | D:3      | Found Urchin's Armour Boutique.
  1794 | D:3      | Found a basalt altar of Yredelemnul.
  1811 | D:3      | Became a worshipper of Yredelemnul the Dark
  1850 | D:3      | Reached XP level 5. HP: 52/52 MP: 4/4
  1868 | D:3      | Found a faded altar of an unknown god.
  1876 | D:3      | Got Plato's Collected Works on Combat Magic
  2002 | D:3      | Reached * piety under Yredelemnul
  2539 | D:3      | Reached ** piety under Yredelemnul
  2540 | D:3      | Reached XP level 6. HP: 31/61 MP: 5/5
  3000 | D:4      | Reached skill level 4 in Unarmed Combat
  3061 | D:4      | Found a white marble altar of Elyvilon.
  3108 | D:4      | Found a snail-covered altar of Cheibriados.
  3260 | D:4      | Reached XP level 7. HP: 29/67 MP: 6/6
  3439 | D:4      | Found Eppedet's Serpentskin Sales.
  3451 | D:4      | Reached skill level 5 in Unarmed Combat
  3465 | D:4      | Found a shimmering blue altar of Sif Muna.
  3877 | D:5      | Entered Level 5 of the Dungeon
  3901 | D:5      | Found Gozag's Platinum Reserve.
  3946 | D:5      | Found a stormy altar of Qazlal.
  3966 | D:5      | Reached skill level 1 in Stealth
  4000 | D:5      | Noticed Pikel
  4033 | D:4      | HP: 1/67 [Pikel/+2 whip of freezing (6)]
  4034 | D:4      | Killed Pikel
  4035 | D:4      | Reached skill level 6 in Unarmed Combat
  4035 | D:4      | Reached XP level 8. HP: 3/75 MP: 7/7
  4175 | D:5      | Found an opulent altar of Gozag.
  4615 | D:5      | Noticed Menkaure
  4619 | D:5      | Killed Menkaure
  4620 | D:5      | Reached skill level 5 in Dodging
  4620 | D:5      | Reached skill level 7 in Unarmed Combat
  5228 | D:6      | Identified the +6 hand axe "Tormentor" {flame, Str+4}
  5517 | D:7      | Found a staircase to the Ecumenical Temple.
  5584 | D:7      | Reached XP level 9. HP: 84/84 MP: 8/8
  5645 | D:7      | Reached skill level 8 in Unarmed Combat
  5891 | D:7      | Found an ancient bone altar of Kikubaaqudgha.
  5898 | D:7      | Found a hazy altar of Hepliaklqana.
  5976 | D:7      | Killed from afar by an electric eel

Illustrated notes

Levels and vault maps discovered:
D:1:      amcnicky_arrival_gap_in_the_tavern_cellar, layout_rooms, serial_bayou,
          serial_bayou_lagoon_a, serial_bayou_pond_d, serial_bayou_crossing,
          serial_bayou_lagoon_b, grunt_decor_fettered,
          corexii_item_surrounded_by_moat, minmay_misc_feat_diagonals
D:2:      layout_basic, basic_altar
D:3:      minmay_door_path, layout_basic, nicolae_yredelemnul_corpse_copse,
          serial_shops, nicolae_shop_crystal,
          shapermc_ecumenical_altar_rom_forum, cheibrodos_gnoll_hut,
          uniq_crazy_yiuf_cottage
D:4:      layout_gridville, nicolae_sif_muna_condensation,
          kennysheep_slug_shrine, lemuel_tele_altar, guppyfry_shop_venom
D:5:      layout_basic, nicolae_qazlal_general_emergency,
          nicolae_gozag_zags_fifth_avenue, uniq_pikel, uniq_menkaure
D:6:      layout_loops_ring, grunt_ministairs_1
D:7:      layout_rooms, lemuel_doored_altar, amethyst_overflow_temple_binary,
          minmay_temple_entry_stoned_glass, serial_curves, eino_curves_04,
          eino_curves_03, eino_curves_04, eino_curves_01, serial_bayou_ford_a,
          uniq_duvessa

Skill      XL: |  1  2  3  4  5  6  7  8  9 |
---------------+----------------------------+-----
Dodging        | 3 4 5 |  5.4
Unarmed Combat | 3 4 6 7 8 |  8.2
Shields        | 3 4 |  4.9
Fighting       | 3 |  3.9
Stealth        | 1 2 |  2.0

Action                   |  1- 3 |  4- 6 |  7- 9 || total
-------------------------+-------+-------+-------++-------
Melee: Unarmed           |   109 |   154 |   174 ||   437
  Use: Scroll            |     6 |     4 |     7 ||    17
       Potion            |       |       |     1 ||     1
 Stab: Sleeping          |       |     1 |       ||     1
       Distracted        |       |     1 |     3 ||     4
Armor: Robe              |    28 |    59 |    29 ||   116
Dodge: Dodged            |    38 |    66 |    64 ||   168
Block: Kite shield       |    43 |    55 |    82 ||   180

Table legend: (Time is in decaauts)
 A = Elapsed time spent in this place.
 B = Non-inter-level travel time spent in this place.
 C = Inter-level travel time spent in this place.
 D = Time resting spent in this place.
 E = Time spent auto-exploring this place.
 F = Levels seen in this place.
 G = Mean time per level.
                   A        B        C        D        E       F      G
               +--------+--------+--------+--------+--------+-----+--------+
         Total |   6022 |   5907 |    115 |    380 |   3847 |   7 |  860.3 |
       Dungeon |   6022 |   5907 |    115 |    380 |   3847 |   7 |  860.3 |
               +--------+--------+--------+--------+--------+-----+--------+

Top non-repeatable levels by time:
     D:3: 1224 daAuts
     D:4: 1092 daAuts
     D:1: 857 daAuts
     D:2: 847 daAuts
     D:5: 811 daAuts
     D:6: 649 daAuts
     D:7: 539 daAuts
